 Dungeon Crawl Stone Soup version 0.26.0-10-g1f06aea511 (webtiles) character file.

Game seed: 16158050017156261063

2204 wakim the Covert (level 9, -6/43 HPs)
             Began as a Spriggan Enchanter on Jan 26, 2021.
             Was a Follower of Dithmenos.
             Mangled by a wight
             ... wielding a cursed +2 spear
              (11 damage)
             ... on level 5 of the Dungeon on Jan 27, 2021.
             The game lasted 00:40:11 (8016 turns).

wakim the Covert (Spriggan Enchanter)               Turns: 8016, Time: 00:40:12

Health: -6/43      AC:  3    Str:  4    XL:     9   Next: 12%
Magic:  2/17       EV: 28    Int: 18    God:    Dithmenos [*.....]
Gold:   332        SH:  0    Dex: 18    Spells: 9/18 levels left

rFire    . . .     SeeInvis +   a - +2 dagger (holy)
rCold    . . .     Faith    .   (shield restricted)
rNeg     . . .     Spirit   .   v - +0 robe
rPois    .         Reflect  .   (helmet restricted)
rElec    .         Harm     .   o - +0 cloak
rCorr    +         Rampage  .   (gloves unavailable)
Will     +....                  (boots unavailable)
Stlth    +++++.....             (no amulet)
HPRegen  0.14/turn              f - ring of resist corrosion
MPRegen  0.15/turn              t - +4 ring of evasion

@: mighty, confusing touch, wreathed by umbra, very quick
A: very small, unfitting armour, see invisible, speed 3
a: Renounce Religion


You were on level 5 of the Dungeon.
You worshipped Dithmenos.
Dithmenos was aware of your devotion.
You visited 2 branches of the dungeon, and saw 7 of its levels.

You collected 332 gold pieces.

Inventory:

Hand Weapons
 a - a +2 dagger of holy wrath (weapon)
 b - a +0 dagger of venom
 w - a +2 dagger of draining
Armour
 o - a +0 cloak (worn)
 v - a +0 robe (worn)
Jewellery
 f - a ring of resist corrosion (left hand)
 t - a +4 ring of evasion (right hand)
Wands
 c - a wand of iceblast (9)
 q - a wand of polymorph (6)
Scrolls
 d - 2 scrolls of fog
 e - 6 scrolls of identify
 g - a scroll of amnesia
 h - a scroll of random uselessness {unknown}
 i - 7 scrolls of teleportation
 l - a scroll of remove curse {unknown}
 m - a scroll of magic mapping {unknown}
 n - a scroll of noise {unknown}
 p - 2 scrolls of blinking {unknown}
 s - 2 scrolls of fear {unknown}
Potions
 j - 2 potions of flight
 k - a potion of might
 r - a potion of berserk rage {unknown}
 u - a potion of magic {unknown}


   Skills:
 + Level 2.9 Fighting
 * Level 5.5 Short Blades
 - Level 8.0 Dodging
 + Level 8.4 Stealth
 - Level 5.0 Spellcasting
 + Level 2.0 Conjurations
 - Level 6.1 Hexes
 - Level 3.0 Ice Magic
 + Level 1.6 Invocations


You had 9 spell levels left.
You knew the following spells:

 Your Spells              Type           Power        Failure   Level
a - Corona                Hex            28%          1%          1
b - Ensorcelled Hibernat  Hex/Ice        40%          3%          2
c - Confusing Touch       Hex            26%          3%          3
d - Dazzling Flash        Conj/Hex       38%          8%          3

Your spell library contained the following spells:

 Spells                   Type           Power        Failure   Level
 Tukima's Dance           Hex            26%          3%          3


Dungeon Overview and Level Annotations

Branches:
Dungeon (6/15)             Temple (1/1) D:5

Altars:
Ashenzari
Cheibriados
Dithmenos
Elyvilon
Fedhas
Gozag
Hepliaklqana
Kikubaaqudgha
Makhleb
Nemelex Xobeh
Okawaru
Qazlal
Ru
Sif Muna
Trog
Uskayaw
Vehumet
Wu Jian
Xom
Yredelemnul
The Shining One


Innate Abilities, Weirdness & Mutations

You are very small and have problems with some larger weapons.
You are too small for most types of armour.
You have supernaturally acute eyesight. (SInv)
You cover ground extremely quickly.


Message History

The wight hits you from afar with a cursed +2 spear.
* * * LOW HITPOINT WARNING * * *
You feel drained.
* * * LOW HITPOINT WARNING * * *
You hit Grinder but do no damage.
Grinder appears confused.
You strike the helpless Grinder from behind!
You impale Grinder!!
Grinder convulses!!!
You kill Grinder!
Dithmenos accepts your kill. The wight hits you but does no damage.
Your life force feels restored.
Training target 3.0 for Ice Magic reached!
Your Conjurations skill increases to level 2!
Your Ice Magic skill increases to level 3!
Your Invocations skill increases to level 1!
Casting: Confusing Touch (dangerous; 3% risk of failure)
Confirm with . or Enter, or press ? or * to list all spells.
Your hands begin to glow red.
The wight hits you from afar with a cursed +2 spear!
You die...

......#'####........#
......#....#........#
......#....#........#
...)..#....'........#
###)###....#........#
...........#........#
...........#........#
...........#........#
.<.........#..z.@...#
...........#........#
##...##....#).......#
#######....#........#
.....##....#........#
.....##....#).......#
.....#.....#........#
.....'.....#.....>..#
.....#.....#........#


You could see a wight.

Vanquished Creatures
  Grinder (D:5)
  Eustachio (D:6)
  Edmund (D:6)
  Duvessa (D:6)
  2 ogres
  Blork the orc (D:4)
  A bullfrog (D:6)
  Dowan (D:6)
  3 wights (D:5)
  2 jellies (D:5)
  A centaur zombie (D:5)
  A crimson imp (D:4)
  A bullfrog zombie (D:5)
  Crazy Yiuf (D:3)
  2 bullfrog skeletons
  4 orc priests
  A gnoll shaman (D:4)
  Jessica (D:3)
  Natasha (thrice) (D:4 D:3)
  4 iguanas
  7 orc wizards
  A hound zombie (D:5)
  A hound skeleton (D:4)
  8 gnolls
  5 adders
  2 shadow imps
  2 oozes (D:2)
  2 ufetubi (D:5)
  7 worms
  5 leopard geckos
  21 orcs
  8 bats
  3 giant cockroaches
  11 goblins
  5 hobgoblins
  15 jackals
  6 quokkas
  7 frilled lizards
  4 goblin zombies (D:4)
  5 hobgoblin zombies (D:4)
  8 kobolds
  A leopard gecko skeleton (D:4)
  An orc skeleton (D:4)
  2 quokka skeletons
  10 rats
180 creatures vanquished.

Notes
Turn   | Place    | Note
-------+----------+-------------------------------------------
     0 | D:1      | wakim the Spriggan Enchanter began the quest for the Orb.
     0 | D:1      | Reached XP level 1. HP: 9/9 MP: 5/5
   233 | D:1      | Reached XP level 2. HP: 9/13 MP: 6/6
   235 | D:1      | Reached skill level 5 in Stealth
   322 | D:1      | Learned a level 2 spell: Ensorcelled Hibernation
  1009 | D:2      | Reached XP level 3. HP: 16/16 MP: 8/8
  1212 | D:2      | Reached XP level 4. HP: 13/21 MP: 6/9
  1540 | D:2      | Reached skill level 1 in Ice Magic
  2092 | D:3      | Noticed Jessica
  2117 | D:3      | Killed Jessica
  2337 | D:3      | Found a radiant altar of Vehumet.
  2367 | D:3      | Reached XP level 5. HP: 24/24 MP: 3/10
  2629 | D:3      | Found a shimmering blue altar of Sif Muna.
  2695 | D:3      | Learned a level 3 spell: Confusing Touch
  2869 | D:3      | Found a runed translucent door.
  2870 | D:3      | Noticed Crazy Yiuf
  2877 | D:3      | Killed Crazy Yiuf
  2933 | D:4      | Noticed Blork the orc
  2933 | D:4      | Noticed an ogre
  2933 | D:4      | Noticed an ogre
  2941 | D:4      | Killed Blork the orc
  2959 | D:3      | Killed an ogre
  2960 | D:3      | Reached skill level 5 in Dodging
  2960 | D:3      | Reached XP level 6. HP: 14/28 MP: 1/11
  3145 | D:3      | Reached skill level 5 in Hexes
  3410 | D:4      | Noticed Natasha
  3545 | D:4      | Killed Natasha
  3688 | D:4      | Noticed Natasha
  3795 | D:3      | Killed Natasha
  3796 | D:3      | Reached XP level 7. HP: 11/32 MP: 0/12
  4070 | D:3      | Noticed Natasha
  4080 | D:3      | Killed Natasha
  4322 | D:4      | Reached skill level 1 in Fighting
  4686 | D:4      | Found a sacrificial altar of Ru.
  4713 | D:4      | Found a glowing golden altar of the Shining One.
  4921 | D:4      | Found a blossoming altar of Fedhas.
  4947 | D:5      | Entered Level 5 of the Dungeon
  5178 | D:5      | Noticed Grinder
  5267 | D:5      | Learned a level 3 spell: Dazzling Flash
  5318 | D:5      | Found a staircase to the Ecumenical Temple.
  5335 | D:5      | Reached XP level 8. HP: 34/39 MP: 11/15
  5374 | Temple   | Entered the Ecumenical Temple
  5445 | Temple   | Became a worshipper of Dithmenos the Shadowed
  6385 | D:6      | Noticed Eustachio
  6410 | D:6      | Killed Eustachio
  6411 | D:6      | Reached skill level 1 in Conjurations
  6522 | D:6      | Noticed Dowan
  6523 | D:6      | Noticed Edmund
  6538 | D:6      | Noticed Duvessa
  6558 | D:6      | Killed Duvessa
  6558 | D:6      | Reached * piety under Dithmenos
  6659 | D:6      | Killed Dowan
  7400 | D:6      | Killed Edmund
  7401 | D:6      | Reached skill level 5 in Short Blades
  7401 | D:6      | Reached skill level 5 in Spellcasting
  7689 | D:6      | Found a burning altar of Makhleb.
  7928 | D:6      | Reached XP level 9. HP: 39/43 MP: 1/17
  8014 | D:5      | Killed Grinder
  8015 | D:5      | Reached skill level 1 in Invocations
  8016 | D:5      | Mangled by a wight

Illustrated notes

Levels and vault maps discovered:
D:1:      amcnicky_arrival_double_pillar, layout_loops_ring, minmay_hexomino_u4
D:2:      minmay_wonky_spiral, layout_rooms, grunt_decor_junction
D:3:      layout_loops_ring, lemuel_doored_altar, vehumet_crystals,
          wad_floor_pattern_2, uniq_jessica, uniq_crazy_yiuf_cottage
D:4:      layout_basic, marbit_many_paths, hangedman_ru_absence,
          nicolae_tso_besieged_by_evil, uniq_natasha, uniq_blork_the_orc
D:5:      minmay_general_purpose_star, layout_gridville,
          minmay_temple_entry_grid, uniq_grinder
D:6:      layout_cave_pools, nicolae_overflow_crystal_walls, zin_angel,
          serial_shops, nicolae_shop_stone, amcnicky_mini_pool_small,
          uniq_duvessa, uniq_edmund, uniq_eustachio
Temple:   eino_temple_scatter_basement

Skill      XL: |  1  2  3  4  5  6  7  8  9 |
---------------+----------------------------+-----
Stealth        | 5 6 7 8 |  8.4
Hexes          | 4 6 |  6.1
Dodging        | 4 5 6 7 8 |  8.0
Ice Magic      | 1 2 3 |  3.0
Spellcasting   | 4 5 |  5.0
Fighting       | 1 2 |  2.9
Short Blades   | 3 5 |  5.5
Conjurations   | 1 2 |  2.0
Invocations    | 1 |  1.6

Action                   |  1- 3 |  4- 6 |  7- 9 || total
-------------------------+-------+-------+-------++-------
Melee: Dagger            |    68 |   101 |   309 ||   478
 Cast: Corona            |     2 |       |       ||     2
       Ensorcelled Hiber |    12 |    60 |    92 ||   164
       Confusing Touch   |       |     2 |    14 ||    16
  Use: Potion            |     3 |     2 |     1 ||     6
       Scroll            |       |     3 |       ||     3
 Stab: Sleeping          |    20 |    41 |    55 ||   116
       Confused          |       |     2 |    12 ||    14
       Distracted        |       |       |     1 ||     1
Armor: Robe              |     4 |     3 |    25 ||    32
Dodge: Dodged            |    41 |    92 |   328 ||   461
